 Dungeon Crawl Stone Soup version 0.23.0-38-g208d714 (webtiles) character file.

Game seed: 6484326865467953229

109 night the Ruffian (level 4, -13/33 HPs)
             Began as a Demonspawn Gladiator on Feb 27, 2019.
             Killed from afar by Ijyb (19 damage)
             ... with a wand of acid (9)
             ... on level 3 of the Dungeon.
             The game lasted 00:05:07 (2599 turns).

night the Ruffian (Demonspawn Gladiator)            Turns: 2599, Time: 00:05:08

Health: -13/33     AC:  6    Str: 15    XL:     4   Next: 59%
Magic:  4/4        EV: 12    Int: 10    God:
Gold:   96         SH:  5    Dex: 14    Spells: 3/3 levels left

rFire    . . .     SeeInvis .     - Unarmed
rCold    . . .     Gourm    .   (no shield)
rNeg     . . .     Faith    .   a - +0 leather armour
rPois    .         Spirit   .   b - +0 helmet
rElec    .         Reflect  +   (no cloak)
rCorr    .         Harm     .   (no gloves)
MR       .....                  (no boots)
Stlth    +.........             m - +5 amulet of reflection
HPRegen  0.11/turn              (no ring)
MPRegen  0.09/turn              (no ring)

@: no status effects
A: thin metallic scales 1
a: no special abilities


You were on level 3 of the Dungeon.
You were not hungry.

You visited 1 branch of the dungeon, and saw 3 of its levels.

You collected 96 gold pieces.

Inventory:

Missiles
 c - 3 throwing nets (quivered)
 e - 84 stones
 h - 47 bolts
Armour
 a - a +0 leather armour (worn)
 b - a +0 helmet (worn)
Jewellery
 m - a +5 amulet of reflection (around neck)
Scrolls
 g - 3 scrolls of teleportation {unknown}
 k - a scroll of immolation {unknown}
 l - 2 scrolls of identify {unknown}
 p - 2 scrolls of random uselessness {unknown}
Potions
 f - a potion of curing {unknown}
 i - a potion of agility {unknown}
 n - a potion of resistance {unknown}
 o - 2 potions of flight {unknown}
 q - a potion of might {unknown}
 r - a potion of lignification {unknown}
Comestibles
 d - 5 rations
 j - 4 chunks of flesh


   Skills:
 - Level 2.0 Fighting
 - Level 1.7 Throwing
 - Level 2.6 Dodging
 + Level 4.9 Unarmed Combat


You had 3 spell levels left.
You didn't know any spells.
Your spell library was empty.

Dungeon Overview and Level Annotations

Branches:
Dungeon (3/15)

Altars:
Fedhas

Annotations:
D:2 exclusion: oklob plant
D:3 Ijyb


Innate Abilities, Weirdness & Mutations

You are partially covered in thin metallic scales. (AC +2)


Message History

Ijyb the Twisted Goblin comes into view.
She is wielding a +0 club and carrying a wand of acid (10).
You see here a giant cockroach corpse.
You butcher the giant cockroach corpse.
Ijyb shouts!
Ijyb screams, "Level is mine!
All mine!"
A worm comes into view.
You see here 2 chunks of flesh.
There are monsters nearby!
A worm comes into view.
Found a stone staircase leading down.
You see here 2 chunks of flesh.
j - 4 chunks of flesh (gained 2)
You completely miss Ijyb. Ijyb hits you but does no damage.
You closely miss Ijyb. You block Ijyb's attack.
You hit Ijyb but do no damage.
Ijyb zaps a wand.
The bolt of acid hits you!
You are splashed with acid!
* * * LOW HITPOINT WARNING * * *
You hit Ijyb but do no damage.
Ijyb zaps a wand.
The bolt of acid hits you!!
Ouch! That really hurt!
You die...

...............##
#..............##
.
#....<......#...#
..
#..)........#####
#.####...........#
...........######
###w..###.####
##.....###..†.#
>....w.g@.....#
.....########....#
... ##### #


You could see Ijyb and 2 worms.

Vanquished Creatures
  A crimson imp (D:2)
  An adder (D:2)
  A worm (D:2)
  4 dart slugs
  2 leopard geckos
  5 orcs
  8 bats
  2 giant cockroaches (D:3)
  3 goblins
  4 hobgoblins
  7 jackals (D:1)
  3 kobolds
  A quokka (D:2)
  3 rats
45 creatures vanquished.

Notes
Turn   | Place    | Note
-------+----------+-------------------------------------------
     0 | D:1      | night the Demonspawn Gladiator began the quest for the Orb.
     0 | D:1      | Reached XP level 1. HP: 16/16 MP: 1/1
    88 | D:1      | Reached skill level 3 in Unarmed Combat
   213 | D:1      | Gained mutation: You are partially covered in thin metallic
                  | scales. (AC +2) [demonic ancestry]
   213 | D:1      | Reached XP level 2. HP: 18/22 MP: 2/2
   805 | D:1      | Reached XP level 3. HP: 27/27 MP: 3/3
  1624 | D:2      | Reached skill level 4 in Unarmed Combat
  1699 | D:2      | Reached XP level 4. HP: 17/33 MP: 4/4
  1821 | D:2      | Found a blossoming altar of Fedhas.
  1834 | D:2      | Noticed an oklob plant
  2590 | D:3      | Noticed Ijyb
  2599 | D:3      | Killed from afar by Ijyb

Skill      XL: |  1  2  3 |
---------------+----------+-----
Unarmed Combat | 3 4 |  4.9
Fighting       | |  2.0
Throwing       | |  1.7
Dodging        | |  2.6

Action                   |  1- 3 |  4- 6 || total
-------------------------+-------+-------++-------
Melee: Unarmed           |   195 |    65 ||   260
       Punch             |     3 |     1 ||     4
 Stab: Sleeping          |       |     1 ||     1
  Eat: Chunk             |     2 |     4 ||     6
Armor: Leather armour    |    59 |    10 ||    69
Dodge: Dodged            |   103 |    26 ||   129
Block: Other             |    12 |    13 ||    25
